[ AOE2 MATCH · #506051957 ]
UnrankedItalians vs Tupi
Player's team · LOSS
Rival team · WIN
[ REPLAY ANALYSIS · EXTRACTED FROM THE RECORDED GAME ]
Feudal
9:27
Castle
29:16
Imperial
—
| APM avg | 59.5 |
| APM peak | 109 |
| eAPM avg | 25.7 |
| Villagers / military | 54 / 43 |
Focus
⚔️ 41.3% · 🌾 58.7%
Archer ×31 · Genoese Crossbowman ×6 · Knight ×4 · Monk ×2
Feudal
15:48
Castle
28:15
Imperial
—
| APM avg | 45.9 |
| APM peak | 84 |
| eAPM avg | 22.9 |
| Villagers / military | 60 / 13 |
Focus
⚔️ 28.6% · 🌾 71.4%
Unknown (2579) ×21 · Skirmisher ×10 · Mangonel ×2 · Battering Ram ×1
Match map
Initial resources + every placement click. Lines = walls · curves = elevation contours. ◆ gold · ⬟ stone · ● berries · ✦ relic · ◌ wall gap
Your base· Open — 3t gap
TE MS MOE's base· Open — unwalled flank
Smoothed initial terrain · ◌ = detected wall gap · hover for details
Inputs per minute
— Solaiman III - - TE MS MOE
Build order — Solaiman III
First 150 of 191 actions detected
| 0:01 | Queue | Villager (Male) |
| 0:01 | Build | House |
| 0:02 | Build | House |
| 0:10 | Queue | Villager (Male) |
| 0:10 | Queue | Villager (Male) |
| 0:11 | Queue | Villager (Male) |
| 1:24 | Queue | Villager (Male) |
| 1:59 | Queue | Villager (Male) |
| 1:59 | Queue | Villager (Male) |
| 2:17 | Build | Lumber Camp |
| 2:21 | Queue | Villager (Male) |
| 2:21 | Queue | Villager (Male) |
| 2:41 | Queue | Villager (Male) |
| 2:41 | Queue | Villager (Male) |
| 2:41 | Queue | Villager (Male) |
| 3:20 | Queue | Villager (Male) |
| 3:20 | Queue | Villager (Male) |
| 3:20 | Queue | Villager (Male) |
| 3:51 | Build | House |
| 3:58 | Queue | Villager (Male) |
| 3:58 | Queue | Villager (Male) |
| 4:20 | Build | House |
| 4:30 | Queue | Villager (Male) |
| 4:30 | Queue | Villager (Male) |
| 4:30 | Queue | Villager (Male) |
| 4:57 | Queue | Villager (Male) |
| 5:25 | Queue | Villager (Male) |
| 5:58 | Research | Loom |
| 6:03 | Build | Barracks |
| 7:17 | Research | Feudal Age |
| 7:17 | Research | Feudal Age |
| 7:45 | Build | Mining Camp |
| 9:03 | Build | House |
| 9:27 | Age | Feudal Age |
| 9:33 | Build | Archery Range |
| 9:39 | Queue | Villager (Male) |
| 9:39 | Queue | Villager (Male) |
| 10:06 | Build | Palisade Wall |
| 10:10 | Build | Palisade Wall |
| 10:14 | Build | Palisade Wall |
| 10:15 | Build | Palisade Wall |
| 10:16 | Queue | Archer |
| 10:21 | Build | Palisade Wall |
| 10:22 | Build | Palisade Wall |
| 10:26 | Build | Palisade Wall |
| 10:29 | Build | Palisade Wall |
| 10:48 | Queue | Archer |
| 10:50 | Build | Palisade Wall |
| 10:51 | Build | Palisade Wall |
| 10:54 | Build | Palisade Wall |
| 10:55 | Build | Palisade Wall |
| 11:00 | Queue | Archer |
| 11:10 | Build | Palisade Wall |
| 11:11 | Build | Palisade Wall |
| 11:15 | Queue | Archer |
| 12:02 | Queue | Archer |
| 12:36 | Build | Blacksmith |
| 12:39 | Queue | Archer |
| 13:20 | Queue | Archer |
| 13:34 | Build | House |
| 13:56 | Queue | Archer |
| 14:06 | Build | Town Center |
| 14:21 | Build | House |
| 14:29 | Queue | Archer |
| 14:40 | Research | Fletching |
| 14:40 | Research | Fletching |
| 14:57 | Build | House |
| 15:05 | Queue | Archer |
| 15:42 | Queue | Archer |
| 15:47 | Queue | Villager (Male) |
| 15:48 | Queue | Villager (Male) |
| 16:12 | Build | Mill |
| 16:13 | Queue | Villager (Male) |
| 16:51 | Queue | Archer |
| 17:04 | Queue | Villager (Male) |
| 17:09 | Build | Farm |
| 17:10 | Build | Farm |
| 17:11 | Queue | Villager (Male) |
| 17:13 | Build | Farm |
| 17:15 | Build | Farm |
| 17:17 | Build | Farm |
| 17:26 | Queue | Archer |
| 17:44 | Build | Mining Camp |
| 18:07 | Queue | Archer |
| 18:29 | Queue | Archer |
| 18:58 | Build | Watch Tower |
| 19:13 | Build | Watch Tower |
| 19:15 | Queue | Villager (Male) |
| 19:16 | Queue | Villager (Male) |
| 19:18 | Build | Farm |
| 19:26 | Queue | Archer |
| 19:41 | Queue | Villager (Male) |
| 19:59 | Queue | Villager (Male) |
| 20:33 | Build | Outpost |
| 20:38 | Queue | Villager (Male) |
| 20:48 | Build | Watch Tower |
| 20:50 | Build | House |
| 20:52 | Build | House |
| 20:54 | Queue | Archer |
| 20:56 | Queue | Villager (Male) |
| 21:10 | Build | House |
| 21:20 | Build | Palisade Wall |
| 21:23 | Queue | Archer |
| 21:44 | Queue | Archer |
| 22:15 | Queue | Archer |
| 22:46 | Queue | Villager (Male) |
| 22:52 | Queue | Archer |
| 23:05 | Build | Stable |
| 23:07 | Queue | Villager (Male) |
| 23:15 | Queue | Villager (Male) |
| 23:42 | Queue | Villager (Male) |
| 23:55 | Build | Watch Tower |
| 24:10 | Queue | Villager (Male) |
| 24:18 | Build | Market |
| 24:59 | Build | Watch Tower |
| 25:08 | Build | Palisade Wall |
| 25:10 | Build | Palisade Wall |
| 25:27 | Queue | Villager (Male) |
| 26:19 | Build | Farm |
| 26:20 | Build | Farm |
| 26:21 | Build | Farm |
| 26:36 | Research | Castle Age |
| 26:36 | Research | Castle Age |
| 26:39 | Queue | Archer |
| 27:00 | Build | Farm |
| 27:00 | Build | Farm |
| 27:23 | Build | Farm |
| 27:23 | Build | Farm |
| 27:23 | Build | Farm |
| 27:25 | Queue | Archer |
| 28:29 | Build | House |
| 29:16 | Age | Castle Age |
| 29:26 | Research | Crossbowman (upgrade) |
| 29:27 | Research | Crossbowman (upgrade) |
| 29:45 | Queue | Knight |
| 31:04 | Build | Town Center |
| 31:13 | Queue | Villager (Male) |
| 32:04 | Build | Castle |
| 32:11 | Queue | Villager (Male) |
| 32:12 | Queue | Villager (Male) |
| 32:15 | Build | Farm |
| 32:17 | Build | Farm |
| 32:17 | Build | Farm |
| 32:19 | Build | Farm |
| 32:27 | Queue | Archer |
| 32:27 | Queue | Archer |
| 32:48 | Queue | Archer |
| 32:54 | Build | Farm |
| 33:06 | Queue | Knight |
| 33:06 | Queue | Knight |
Build order — TE MS MOE
First 150 of 157 actions detected
| 0:01 | Queue | Villager (Male) |
| 0:02 | Build | House |
| 0:03 | Build | House |
| 0:11 | Queue | Villager (Male) |
| 0:48 | Queue | Villager (Male) |
| 0:48 | Queue | Villager (Male) |
| 0:48 | Queue | Villager (Male) |
| 1:06 | Queue | Villager (Male) |
| 1:41 | Queue | Villager (Male) |
| 1:41 | Queue | Villager (Male) |
| 2:24 | Queue | Villager (Male) |
| 2:24 | Queue | Villager (Male) |
| 2:24 | Queue | Villager (Male) |
| 3:09 | Build | Settlement |
| 3:10 | Queue | Villager (Male) |
| 3:11 | Queue | Villager (Male) |
| 3:11 | Queue | Villager (Male) |
| 4:08 | Queue | Villager (Male) |
| 4:09 | Research | Loom |
| 5:18 | Queue | Villager (Male) |
| 5:18 | Queue | Villager (Male) |
| 5:18 | Queue | Villager (Male) |
| 5:18 | Queue | Villager (Male) |
| 5:18 | Queue | Villager (Male) |
| 5:19 | Queue | Villager (Male) |
| 5:19 | Queue | Villager (Male) |
| 6:23 | Build | House |
| 6:51 | Build | Town Center |
| 7:32 | Queue | Villager (Male) |
| 7:33 | Queue | Villager (Male) |
| 7:33 | Queue | Villager (Male) |
| 7:33 | Queue | Villager (Male) |
| 8:16 | Build | Palisade Wall |
| 8:17 | Build | Palisade Wall |
| 8:19 | Build | Palisade Wall |
| 8:28 | Build | Palisade Wall |
| 8:39 | Build | House |
| 8:52 | Queue | Villager (Male) |
| 8:52 | Queue | Villager (Male) |
| 9:11 | Queue | Villager (Male) |
| 9:12 | Queue | Villager (Male) |
| 9:12 | Queue | Villager (Male) |
| 9:31 | Queue | Villager (Male) |
| 10:07 | Queue | Villager (Male) |
| 10:07 | Queue | Villager (Male) |
| 10:07 | Queue | Villager (Male) |
| 10:18 | Queue | Villager (Male) |
| 11:00 | Build | Settlement |
| 11:07 | Queue | Villager (Male) |
| 11:37 | Build | Palisade Wall |
| 12:52 | Build | Settlement |
| 13:38 | Research | Feudal Age |
| 13:38 | Research | Feudal Age |
| 14:06 | Build | Settlement |
| 15:35 | Build | Barracks |
| 15:48 | Age | Feudal Age |
| 16:00 | Research | Town Watch |
| 16:08 | Build | Watch Tower |
| 16:18 | Queue | Villager (Male) |
| 16:46 | Build | Archery Range |
| 16:54 | Queue | Villager (Male) |
| 17:22 | Build | Blacksmith |
| 17:26 | Queue | Villager (Male) |
| 17:28 | Queue | Skirmisher |
| 17:28 | Queue | Skirmisher |
| 17:51 | Queue | Skirmisher |
| 18:09 | Research | Fletching |
| 18:13 | Queue | Skirmisher |
| 18:21 | Queue | Villager (Male) |
| 18:30 | Queue | Skirmisher |
| 18:35 | Research | Padded Archer Armor |
| 18:35 | Research | Padded Archer Armor |
| 18:39 | Queue | Villager (Male) |
| 19:02 | Queue | Skirmisher |
| 19:03 | Queue | Villager (Male) |
| 19:14 | Build | Farm |
| 19:21 | Build | Farm |
| 19:25 | Queue | Skirmisher |
| 19:27 | Queue | Villager (Male) |
| 20:00 | Queue | Villager (Male) |
| 20:09 | Queue | Skirmisher |
| 20:21 | Queue | Skirmisher |
| 20:23 | Queue | Villager (Male) |
| 20:31 | Build | Settlement |
| 20:42 | Build | Farm |
| 20:43 | Build | Farm |
| 21:18 | Queue | Villager (Male) |
| 21:20 | Build | Farm |
| 21:20 | Build | Farm |
| 21:23 | Build | Farm |
| 21:23 | Build | Farm |
| 21:24 | Build | Farm |
| 22:20 | Queue | Villager (Male) |
| 22:24 | Queue | Skirmisher |
| 23:01 | Queue | Villager (Male) |
| 23:04 | Build | Market |
| 23:28 | Queue | Villager (Male) |
| 23:32 | Build | Settlement |
| 25:35 | Research | Castle Age |
| 25:35 | Research | Castle Age |
| 26:16 | Research | Stone Mining |
| 26:16 | Research | Stone Mining |
| 26:46 | Build | Settlement |
| 27:15 | Research | Double-Bit Axe |
| 28:15 | Age | Castle Age |
| 28:20 | Build | Castle |
| 28:46 | Build | Siege Workshop |
| 29:12 | Queue | Unit 2579 |
| 29:32 | Queue | Mangonel |
| 29:39 | Queue | Unit 2579 |
| 29:54 | Build | Town Center |
| 30:02 | Queue | Villager (Male) |
| 30:33 | Build | Settlement |
| 30:36 | Queue | Unit 2579 |
| 30:36 | Queue | Unit 2579 |
| 31:11 | Queue | Unit 2579 |
| 31:11 | Queue | Unit 2579 |
| 31:22 | Queue | Villager (Male) |
| 31:28 | Queue | Villager (Male) |
| 31:33 | Queue | Unit 2579 |
| 31:47 | Queue | Villager (Male) |
| 32:09 | Queue | Battering Ram |
| 32:16 | Queue | Villager (Male) |
| 32:37 | Queue | Unit 2579 |
| 33:11 | Build | Outpost |
| 33:17 | Queue | Mangonel |
| 33:56 | Queue | Unit 2579 |
| 33:56 | Queue | Unit 2579 |
| 34:18 | Build | Town Center |
| 34:26 | Queue | Unit 2579 |
| 34:46 | Queue | Unit 2579 |
| 34:47 | Queue | Unit 2579 |
| 35:00 | Build | Farm |
| 35:04 | Queue | Villager (Male) |
| 35:38 | Build | Farm |
| 35:39 | Build | Farm |
| 35:53 | Queue | Villager (Male) |
| 35:54 | Queue | Villager (Male) |
| 35:58 | Queue | Unit 2579 |
| 35:58 | Queue | Unit 2579 |
| 36:25 | Build | Farm |
| 37:02 | Build | Farm |
| 37:03 | Build | Farm |
| 37:05 | Build | Farm |
| 37:08 | Build | University |
| 37:17 | Research | Bodkin Arrow |
| 37:17 | Research | Bodkin Arrow |
| 37:40 | Queue | Villager (Male) |
| 37:54 | Queue | Unit 2579 |
| 37:54 | Queue | Unit 2579 |
Match timeline
| 6:03 | Solaiman III · first_building Barracks |
| 8:16 | TE MS MOE · wall_segment Palisade Wall x1 |
| 8:17 | TE MS MOE · wall_segment Palisade Wall x1 |
| 8:19 | TE MS MOE · wall_segment Palisade Wall x1 |
| 8:28 | TE MS MOE · wall_segment Palisade Wall x1 |
| 9:27 | Solaiman III · age_up feudal |
| 9:33 | Solaiman III · first_building Archery Range |
| 10:06 | Solaiman III · wall_segment Palisade Wall x1 |
| 10:10 | Solaiman III · wall_segment Palisade Wall x1 |
| 10:14 | Solaiman III · wall_segment Palisade Wall x1 |
| 10:15 | Solaiman III · wall_segment Palisade Wall x1 |
| 10:21 | Solaiman III · wall_segment Palisade Wall x1 |
| 10:22 | Solaiman III · wall_segment Palisade Wall x1 |
| 10:26 | Solaiman III · wall_segment Palisade Wall x1 |
| 10:29 | Solaiman III · wall_segment Palisade Wall x1 |
| 10:50 | Solaiman III · wall_segment Palisade Wall x1 |
| 10:51 | Solaiman III · wall_segment Palisade Wall x1 |
| 10:54 | Solaiman III · wall_segment Palisade Wall x1 |
| 10:55 | Solaiman III · wall_segment Palisade Wall x1 |
| 11:10 | Solaiman III · wall_segment Palisade Wall x1 |
| 11:11 | Solaiman III · wall_segment Palisade Wall x1 |
| 11:37 | TE MS MOE · wall_segment Palisade Wall x1 |
| 15:35 | TE MS MOE · first_building Barracks |
| 15:48 | TE MS MOE · age_up feudal |
| 16:46 | TE MS MOE · first_building Archery Range |
| 21:20 | Solaiman III · wall_segment Palisade Wall x1 |
| 23:05 | Solaiman III · first_building Stable |
| 24:44 | TE MS MOE · first_market_buy 100 food |
| 24:44 | TE MS MOE · first_market_sell 100 wood |
| 25:08 | Solaiman III · wall_segment Palisade Wall x1 |
| 25:10 | Solaiman III · wall_segment Palisade Wall x1 |
| 25:18 | Solaiman III · first_market_sell 100 stone |
| 25:20 | Solaiman III · first_market_buy 100 food |
| 28:15 | TE MS MOE · age_up castle |
| 28:20 | TE MS MOE · first_building Castle |
| 28:46 | TE MS MOE · first_building Siege Workshop |
| 29:16 | Solaiman III · age_up castle |
| 32:04 | Solaiman III · first_building Castle |
| 34:37 | Solaiman III · first_building Monastery |
| 38:21 | Solaiman III · first_building Siege Workshop |
| 39:36 | Solaiman III · resign |
[ AI ANALYSIS · 1 CREDIT ]
What really happened in this match?
Wolo.gg analyzes every decision: build order, eco, micro, common mistakes by bracket. Personalized analysis on WhatsApp or Discord in 30 seconds.
Civ guide
Italians
Perfil
Jugador #10590084